Map: Temple of the Past

Players

Takker

  • Race: Protoss Protoss
  • Spawn Location: 0:00

Taggert

  • Race: Zerg Zerg
  • Spawn Location: 0:00

VOD

Have the link to the VOD?

Description

Time

  • Played on: May 18, 2019, 9:38 p.m.
  • Length: 26:29
Show
View Real Time Build Order
Export as new Build Order

Takker Protoss 

Build Orders:  

Get SALT Encoding   

  12  0:02  Probe (Chrono Boost)  
  13  0:16  Probe (Chrono Boost)  
  14  0:30  Probe (Chrono Boost)  
  15  0:45  Xel'Naga Passageway  
  15  0:47  Probe (Chrono Boost)  
  16  1:01  Probe (Chrono Boost)  
  17  1:15  Probe (Chrono Boost)  
  18  1:23  Xel'Naga Passageway  
  18  1:29  Probe (Chrono Boost)  
  19  1:53  Core Forge  
  19  1:56  Probe (Chrono Boost)  
  20  2:07  Xel'Naga Ambusher  
  22  2:10  Probe (Chrono Boost)  
  23  2:34  Xel'Naga Ambusher  
  25  3:01  Xel'Naga Ambusher  
  27  3:26  Xel'Naga Ambusher  
  29  4:00  Xel'Naga Ambusher  
  31  4:18  Xel'Naga Ambusher  
  33  4:26  Probe (Chrono Boost)  
  34  5:03  Xel'Naga Ambusher  
  36  5:32  Ancient Nexus  
  36  5:58  Probe (Chrono Boost), Constructs Facility  
  37  6:12  Probe (Chrono Boost)  
  38  6:26  Probe (Chrono Boost)  
  39  6:33  Xel'Naga Shieldguard  
  41  6:40  Probe (Chrono Boost)  
  42  6:53  Probe (Chrono Boost)  
  43  7:01  Xel'Naga Ambusher  
  43  7:07  Probe (Chrono Boost)  
  46  7:10  Xel'Naga Shieldguard  
  48  7:21  Probe (Chrono Boost)  
  49  7:35  Probe (Chrono Boost)  
  49  7:37  Probe (Chrono Boost)  
  51  7:43  Xel'Naga Shieldguard  
  51  7:47  Xel'Naga Shieldguard  
  51  7:49  Probe (Chrono Boost)  
  55  7:51  Probe (Chrono Boost)  
  57  8:05  Probe (Chrono Boost)  
  58  8:19  Probe (Chrono Boost)  
  59  8:33  Probe (Chrono Boost)  
  60  8:40  Xel'Naga Ambusher  
  60  8:43  Xel'Naga Enforcer  
  60  8:47  Probe (Chrono Boost)  
  67  9:00  Probe (Chrono Boost)  
  68  9:10  Xel'Naga Shieldguard  
  68  9:15  Probe (Chrono Boost)  
  71  9:29  Probe (Chrono Boost)  
  72  9:34  Serdath Legion  
  68  9:42  Probe (Chrono Boost)  
  68  9:47  Xel'Naga Shieldguard  
  71  10:14  Xel'Naga Enforcer  
  71  10:17  Xel'Naga Ambusher  
  69  11:19  Xel'Naga Enforcer  
  73  11:20  Xel'Naga Ambusher  
  73  11:22  Xel'Naga Shieldguard  
  75  11:59  Xel'Naga Shieldguard  
  75  12:02  Xel'Naga Ambusher  
  77  12:14  Xel'Naga Enforcer  
  81  12:36  Xel'Naga Shieldguard  
  83  12:54  Xel'Naga Passageway  
  83  13:09  Xel'Naga Watcher  
  84  13:10  Tesseract Cannon  
  84  13:28  Constructs Facility  
  84  13:44  Xel'Naga Ambusher  
  84  13:45  Xel'Naga Ambusher  
  84  13:47  Xel'Naga Enforcer  
  92  14:20  Probe (Chrono Boost)  
  92  14:26  Serdath Legion, Xel'Naga Shieldguard  
  92  14:27  Xel'Naga Shieldguard  
  97  14:31  Void Shrine  
  97  15:03  Xel'Naga Ambusher  
  99  16:23  Tesseract Cannon  
  99  16:28  Tesseract Cannon  
  99  16:33  Tesseract Cannon  
  99  16:43  Tesseract Cannon  
  99  17:26  Tesseract Cannon  
  99  17:29  Tesseract Cannon  
  99  17:32  Tesseract Cannon  
  99  17:35  Tesseract Cannon  
  99  17:39  Tesseract Cannon  
  99  17:56  Tesseract Cannon  
  99  17:59  Tesseract Cannon  
  99  18:02  Tesseract Cannon  
  99  18:04  Tesseract Cannon  
  99  18:09  Tesseract Cannon  
  99  18:11  Tesseract Cannon  
  99  18:13  Tesseract Cannon  
  99  18:36  Tesseract Cannon  
  99  18:38  Tesseract Cannon  
  99  18:39  Tesseract Cannon, Serdath Legion  
  88  20:48  Tesseract Cannon  
  88  20:50  Tesseract Cannon  
  88  20:52  Tesseract Cannon  
  88  21:08  Serdath Legion  
  88  21:13  Tesseract Cannon  
  88  21:18  Tesseract Cannon  
  88  21:23  Tesseract Cannon  
  88  21:26  Tesseract Cannon  
  88  21:36  Tesseract Cannon  
  88  21:38  Tesseract Cannon  
  88  21:43  Tesseract Cannon  
  88  21:46  Tesseract Cannon  
  88  21:50  Tesseract Cannon  
  88  21:56  Tesseract Cannon  
  88  22:18  Xel'Naga Watcher  
  88  22:19  Xel'Naga Watcher  
  90  22:48  Xel'Naga Watcher  
  90  22:49  Xel'Naga Enforcer  
  75  23:18  Xel'Naga Enforcer  
  79  23:24  Xel'Naga Ambusher x2  
  79  23:44  Xel'Naga Watcher  
  80  24:06  Xel'Naga Shieldguard, Xel'Naga Ambusher  
  62  24:43  Xel'Naga Shieldguard  
  62  24:48  Xel'Naga Shieldguard  
  66  25:20  Xel'Naga Shieldguard  
  66  25:25  Xel'Naga Shieldguard  
  70  25:30  Serdath Legion  
Show
View Real Time Build Order
Export as new Build Order

Taggert Zerg 

Build Orders:  

Get SALT Encoding   

  6  0:09  Drone x2  
  7  0:18  Drone x2  
  8  0:27  Drone x2  
  9  0:36  Drone x2  
  10  0:46  Drone x2  
  11  0:59  Extractor  
  10  1:02  Drone x2  
  11  1:11  Extractor  
  11  1:14  Drone x2  
  12  1:29  Drone x2  
  13  1:45  Spawning Pool  
  12  1:50  Drone x2  
  12  1:52  Overlord  
  13  2:08  Evolution Chamber  
  13  2:12  Evolution Chamber  
  13  2:14  Drone x2  
  13  2:21  Overlord  
  13  2:26  Metabolic Boost  
  13  2:35  Swarmling x3  
  13  2:36  Swarmling x6  
  18  2:57  Zerg Ground Armor Level 1  
  18  3:02  Drone x2  
  19  3:31  Hatchery  
  18  3:48  Extractor  
  18  3:54  Lair  
  18  4:13  Extractor  
  17  4:25  Swarmling x9  
  17  4:28  Drone x2  
  23  4:41  Baneling Nest  
  21  5:07  Swarmling x6  
  21  5:08  Swarmling x9  
  28  5:14  Hive  
  27  5:26  Overlord  
  27  5:27  Scourge Nest  
  27  5:31  Unknown  
  27  5:35  Swarmling x9  
  27  5:36  Centrifical Hooks, Swarmling x6  
  34  5:53  Zerg Ground Armor Level 2  
  34  5:56  Drone x2  
  35  6:00  Drone x2  
  23  6:19  Swarmling x6  
  27  6:41  Overseer  
  27  6:42  Overseer  
  24  7:01  Swarmling x15  
  31  7:16  Drone x2  
  34  7:22  Drone x2  
  34  7:25  Drone x4  
  34  7:26  Corrosive Acid  
  37  7:46  Overlord x2  
  39  7:51  Drone x2, Unknown  
  40  8:09  Drone x2  
  41  8:19  Simplified Genome  
  43  8:35  Hardened Carapace  
  43  8:49  Swarmling x6  
  50  8:50  Swarmling x6  
  50  8:53  Unknown  
  50  9:08  Overlord  
  50  9:09  Overlord x2  
  50  9:18  Overseer  
  50  9:19  Virulent Spores  
  52  9:35  Adrenal Overload  
  52  9:54  Rupture  
  51  10:10  Zerg Ground Armor Level 3  
  51  10:14  Swarmling x33  
  51  10:15  Swarmling x3  
  63  10:35  Shredding Claws  
  47  11:16  Aberration  
  52  11:24  Scourge x4  
  52  11:25  Scourge x6  
  57  11:34  Drone x4  
  57  11:37  Overlord x3  
  57  11:38  Overlord  
  60  12:16  Scourge x6  
  65  12:21  Aberration  
  65  12:22  Aberration x4  
  65  12:29  Queen  
  81  12:31  Queen  
  81  13:11  Swarmling x3  
  81  13:12  Swarmling x27  
  81  13:40  Heroic Fortitude, Unknown  
  81  13:47  Swarmling x3  
  81  13:48  Swarmling x18  
  90  13:50  Medusa Blades  
  88  14:00  Swarmling x3  
  88  14:01  Swarmling x3  
  92  14:40  Protective Cover  
  94  15:04  Scourge x6  
  94  15:05  Scourge x4  
  97  15:45  Scourge x6  
  97  15:46  Scourge x2  
  99  15:55  Scourge x4  
  100  16:44  Ventral Sacs  
  74  19:37  Scourge x6  
  74  19:38  Scourge x6  
  75  19:42  Scourge x4  
  75  19:43  Scourge x4  
  76  21:50  Scourge x2  
  76  21:51  Scourge x24  
  76  21:56  Swarmling x3  
  76  21:57  Swarmling x15  
  82  23:11  Swarmling x3  
  82  23:12  Swarmling x33  
  82  24:03  Swarmling x3  
  82  24:04  Swarmling x21  
  76  24:20  Swarmling x3  
  76  24:21  Swarmling x9  
  83  25:15  Swarmling x18  
  83  25:16  Swarmling x12  
  84  25:21  Roach x6  
  84  25:22  Roach x14  
  45  25:57  Swarmling x21  
  45  25:58  Swarmling x3  
Tags
 
Add a new tag
Caveats
  • Supply blocks, unpowered buildings, or Contaminate may cause inaccurate times.
  • Supply counts are checked every 10 seconds.